 Dungeon Crawl Stone Soup version 0.27.1-33-g824d729ab1 (webtiles) character file.

Game seed: 1361016865499551264

122 Gabide the Poker (level 5, -4/36 HPs)
             Began as a Human Monk on Dec 28, 2021.
             Killed from afar by an orc wizard (7 damage)
             ... with a magic dart
             ... on level 3 of the Dungeon.
             The game lasted 00:03:47 (2772 turns).

Gabide the Poker (Human Monk)                       Turns: 2772, Time: 00:03:48

Health: -4/36      AC:  8    Str: 12    XL:     5   Next: 27%
Magic:  5/5        EV: 12    Int: 11    God:
Gold:   119        SH:  0    Dex: 15    Spells: 4/4 levels left

rFire    . . .     SeeInvis .   g - +0 halberd
rCold    . . .     Faith    .   (shield currently unavailable)
rNeg     . . .     Spirit   .   d - +0 leather armour
rPois    .         Reflect  .   (no helmet)
rElec    .         Harm     .   (no cloak)
rCorr    .         Rampage  .   c - +1 pair of gloves
Will     .....                  e - +2 pair of boots
Stlth    ++........             (no amulet)
HPRegen  0.12/turn              (no ring)
MPRegen  0.09/turn              (no ring)

@: very slightly contaminated, invisible
A: frail 1
a: no special abilities


You were on level 3 of the Dungeon.
You visited 1 branch of the dungeon, and saw 3 of its levels.

You collected 119 gold pieces.

Inventory:

Hand Weapons
 a - a +1 spear
 g - a +0 halberd (weapon)
Armour
 b - a +0 robe
 c - a +1 pair of gloves (worn)
 d - a +0 leather armour (worn)
 e - a +2 pair of boots (worn)
Scrolls
 f - a scroll of identify {unknown}
 i - a scroll of fog {unknown}
 j - a scroll of silence {unknown}
 k - a scroll of vulnerability {unknown}
 l - a scroll of magic mapping {unknown}


   Skills:
 + Level 3.5 Fighting
 + Level 4.1 Polearms
 + Level 1.6 Armour
 + Level 3.5 Dodging
 + Level 2.5 Stealth


You had 4 spell levels left.
You didn't know any spells.
Your spell library contained the following spells:

 Spells                   Type           Power      Damage    Failure   Level
 Ensorcelled Hibernation  Hex/Ice        0%         N/A       56%         2
 Passwall                 Tmut/Erth      0%         N/A       56%         2
 Slow                     Hex            0%         N/A       56%         2
 Confusing Touch          Hex            0%         N/A       80%         3
 Spider Form              Tmut/Pois      0%         N/A       80%         3
 Swiftness                Air            0%         N/A       80%         3
 Yara's Violent Unravell  Hex/Tmut       0%         3d3       100%        5
 Invisibility             Hex            0%         N/A       100%        6
 Shadow Creatures         Summ           N/A        N/A       100%        6


Dungeon Overview and Level Annotations

Branches:
Dungeon (3/15)

Altars:


Innate Abilities, Weirdness & Mutations

You are frail. (-10% HP)


Message History

The magic dart hits you!
* * * LOW HITPOINT WARNING * * *
You hit something. Something hits you but does no damage.
It was a potion of invisibility.
You fade into invisibility!
An orc wizard appears from thin air!
Reactivating autopickup.
The orc wizard gestures at you while chanting.
The puff of flame misses you.
You are very lightly contaminated with residual magic.
You closely miss the orc wizard.
The orc wizard is moderately wounded.
The orc wizard gestures at you while chanting.
You are confused.
The orc wizard barely misses you.
You bump into the stone wall.
The orc wizard barely misses you.
You bump into the stone wall.
The orc wizard hits you with a +0 dagger.
* * * LOW HITPOINT WARNING * * *
The orc wizard casts a spell at you. The magic dart hits you.
* * * LOW HITPOINT WARNING * * *
You are too confused!
You're too confused to aim your attacks!
Unknown command.
You bump into the rock wall.
You barely miss the orc wizard.
The orc wizard is moderately wounded.
The orc wizard barely misses you.
You bump into the stone wall.
You feel less confused. The orc wizard barely misses you.
You hit the orc wizard but do no damage.
The orc wizard is moderately wounded.
The orc wizard hits you with a +0 dagger.
* * * LOW HITPOINT WARNING * * *
The orc wizard shouts!
The orc wizard points at something and mumbles some strange words.
The magic dart hits you!
You die...

#####.......##.####.#......#
####.#.###.# ##.#####.#
###.....# #.# #.# ##.#### #.#
#.. ##.# ####.####### ##^.#
#.......# .. ### #...#
#..#.##.# .... #.#
#...#####.......####
#.#..##.####..@.......#....<.##
.....))...............#.......#
.......)....o...........#..#...
####++###..................#.##
####.........##.#..#.##
#...#####.......#.## #...#
####......## .##...# #.......#
# #......# #.##.##.#


You could see an orc wizard.

Vanquished Creatures
  4 gnolls (D:2)
  3 adders (D:2)
  3 worms (D:2)
  3 orcs (D:3)
  3 ball pythons
  6 endoplasms
  4 giant cockroaches
  4 goblins
  3 hobgoblins
  2 jackals (D:1)
  3 bats
  2 kobolds (D:1)
  4 rats
44 creatures vanquished.

Notes
Turn   | Place    | Note
-------+----------+-------------------------------------------
     0 | D:1      | Gabide the Human Monk began the quest for the Orb.
     0 | D:1      | Reached XP level 1. HP: 18/18 MP: 1/1
   339 | D:1      | Reached XP level 2. HP: 13/24 MP: 2/2
   912 | D:2      | Reached XP level 3. HP: 5/29 MP: 3/3
  1354 | D:2      | Gained mutation: You are frail. (-10% HP) [potion of
                  | mutation]
  1760 | D:2      | Reached skill level 1 in Armour
  1760 | D:2      | Reached XP level 4. HP: 19/31 MP: 4/4
  2225 | D:2      | Reached XP level 5. HP: 36/36 MP: 5/5
  2334 | D:3      | Reached skill level 4 in Polearms
  2385 | D:3      | Found a faded altar of an unknown god.
  2772 | D:3      | Killed from afar by an orc wizard

Illustrated notes

Levels and vault maps discovered:
D:1:      lightli_molten_gateway, layout_rooms, minmay_misc_feat_room
D:2:      layout_rooms, grunt_decor_cap, hex_large
D:3:      layout_loops_cross, gammafunk_temple_overflow_wave,
          shapermc_ecumenical_altar_petra, kennysheep_generic_room_15

Skill      XL: |  1  2  3  4  5 |
---------------+----------------+-----
Armour         | 1 |  1.6
Polearms       | 4 |  4.1
Fighting       | |  3.5
Dodging        | |  3.5
Stealth        | |  2.5

Action                   |  1- 3 |  4- 6 || total
-------------------------+-------+-------++-------
Melee: Spear             |   108 |    24 ||   132
       Halberd           |       |    69 ||    69
  Use: Potion            |     3 |     1 ||     4
       Scroll            |     2 |       ||     2
 Stab: Sleeping          |     3 |     5 ||     8
Armor: Leather armour    |    28 |    31 ||    59
Dodge: Dodged            |    49 |    55 ||   104
